 Dungeon Crawl Stone Soup version 0.16.2-12-gd0ad4c3 (webtiles) character file.

120 PabloNaruto the Ruffian (level 4, -2/45 HPs)
             Began as a Troll Monk on Sept 26, 2015.
             Slain by an ogre
             ... wielding a +0 giant club
              (25 damage)
             ... on level 3 of the Dungeon.
             The game lasted 00:14:57 (2503 turns).

PabloNaruto the Ruffian (Troll Monk)                Turns: 2503, Time: 00:14:57

Health: -2/45      AC:  7    Str: 20    XL:     4   Next: 75%
Magic:  2/2        EV: 11    Int:  6    God:
Gold:   171        SH:  0    Dex: 12    Spells: 0 memorised, 3 levels left

rFire  . . .     SeeInvis .       - Unarmed
rCold  . . .     Clarity  .     a - +1 robe
rNeg   . . .     SustAb   .     (shield restricted)
rPois  .         Gourm    +     (helmet restricted)
rElec  .         Spirit   .     k - +0 cloak
rCorr  .         Warding  .     (gloves unavailable)
rMut   .         Stasis   .     (boots unavailable)
MR     .....                    (no amulet)
Stlth  +.........               (no ring)
                                (no ring)

@: not resistant to hostile enchantments, very unstealthy
A: unfitting armour, claws 3, fast metabolism 3, gourmand, regeneration 2,
shaggy fur 1, tough skin 2
a: no special abilities


You were on level 3 of the Dungeon.
You were not hungry.

You visited 1 branch of the dungeon, and saw 3 of its levels.

You collected 171 gold pieces.

Inventory:

Hand weapons
 h - a +3 quarterstaff of chaos
 m - a +0 hammer
Missiles
 e - 69 stones (quivered)
Armour
 a - a +1 robe (worn)
 k - a +0 cloak (worn)
Scrolls
 d - a scroll of remove curse
 g - a scroll of enchant weapon
Potions
 f - 3 potions of curing
 j - 2 potions of heal wounds {unknown}
Comestibles
 b - 5 meat rations
 i - a bread ration
 l - 5 fruits


   Skills:
 + Level 3.1 Fighting
 + Level 1.1 Throwing
 + Level 3.2 Dodging
 + Level 1.1 Stealth
 + Level 4.7 Unarmed Combat


You had 3 spell levels left.
You didn't know any spells.

Dungeon Overview and Level Annotations

Branches:
Dungeon (3/15)

Altars:
Ashenzari
Elyvilon
Ru
Yredelemnul
Zin

Annotations:
D:3 !ogre


Innate Abilities, Weirdness & Mutations

You are too large for most types of armour.
You have claws for hands.
Your metabolism is lightning-fast.
You like to eat raw meat.
You heal very quickly.
You are covered in fur (AC +1).
You have very tough skin (AC +2).


Message History

You throw a stone.
e - 69 stones (gained 2)
There is a stone staircase leading down here.
There are no items here.
Warning, next level annotated: !ogre Enter next level anyway?
You climb downwards.
The ogre hits you with a giant club!
There is a stone staircase leading up, spattered with blood here.
Some of the chunks of flesh in your inventory have rotted away.
Press: ? - help, v - describe, . - travel
Here: an ogre, wielding a giant club The floor.
You see here a club.
You see here a dagger.
All of the chunks of flesh in your inventory have rotted away.
The ogre hits you with a giant club!!
Ouch! That really hurt!
The ogre hits you with a giant club!!
Ouch! That really hurt!
You die...

#.#####.......[.. #.#
#.......... ##.#
#.......... ###..###
####.####.# #?.....#
#.####.# #......#
#.##...# #......#
####.#..###
#..O...###......####
#..@..........#####.
#......##.###.......
#......##.# #.#####.
#.........# #.#####.
#######.#####.......
####.....####...#....
#...........(..##.###
#..........###.#..#
#...O......# #...##


You could see an ogre.

Vanquished Creatures
  Crazy Yiuf (D:3)
  3 adders (D:2)
  3 worms
  A giant gecko (D:2)
  2 oozes
  2 ball pythons (D:3)
  6 bats
  3 giant cockroaches
  7 goblins
  2 hobgoblins
  A jackal (D:2)
  5 kobolds
  2 quokkas (D:3)
  5 giant newts
  5 rats
48 creatures vanquished.

Notes
Turn   | Place    | Note
--------------------------------------------------------------
     0 | D:1      | PabloNaruto, the Troll Monk, began the quest for the Orb.
     0 | D:1      | Reached XP level 1. HP: 22/22 MP: 1/1
   155 | D:1      | Reached XP level 2. HP: 29/29 MP: 1/1
   980 | D:2      | Reached XP level 3. HP: 36/36 MP: 2/2
  1071 | D:2      | Found a white marble altar of Elyvilon.
  1074 | D:2      | Found a glowing silver altar of Zin.
  1074 | D:2      | Found a basalt altar of Yredelemnul.
  1608 | D:3      | Reached XP level 4. HP: 34/44 MP: 2/2
  1833 | D:3      | Noticed Crazy Yiuf
  1843 | D:3      | Killed Crazy Yiuf
  1843 | D:3      | Reached skill level 1 in Throwing
  2095 | D:3      | Noticed an ogre
  2282 | D:2      | Found a shattered altar of Ashenzari.
  2282 | D:2      | Found a sacrificial altar of Ru.
  2503 | D:3      | Slain by an ogre

Action                   |  1- 3 |  4- 6 || total
-------------------------+-------+-------++-------
Melee: Unarmed           |   101 |    42 ||   143
Throw: Stone             |    32 |    35 ||    67
  Use: Scroll            |     7 |     1 ||     8
       Potion            |       |     2 ||     2
  Eat: Bread ration      |     1 |       ||     1
       Pizza             |     1 |       ||     1
       Beef jerky        |     1 |       ||     1
       Chunk             |     4 |     9 ||    13
